 Dungeon Sprint DCSS version 0.19-a0-1827-g174f941 (webtiles) character file.

35045 poirepourri the Ninja (level 13, -9/64 (66) HPs)
             Began as a Spriggan Enchanter on Oct 7, 2016.
             Was the Champion of Dithmenos.
             Killed from afar by Lom Lobon (47 damage)
             ... with a great icy blast
             ... in the Dungeon (Sprint I: "Red Sonja").
             The game lasted 00:29:04 (6960 turns).

poirepourri the Ninja (Spriggan Enchanter)          Turns: 6960, Time: 00:29:05

HP:   -9/64 (66)    AC: 17    Str: 12    XL:     13   Next: 45%
MP:   46/46         EV: 31    Int: 24    God:    Dithmenos [******]
Gold: 124           SH:  9    Dex: 30    Spells: 5 memorised, 39 levels left

rFire  . . .     SeeInvis +     b - +0 blowgun
rCold  + + .     Gourm    .     q - +5 swamp dragon armour "Owoogg" {rPois rCorr MP+9 Int+2 Stlth+}
rNeg   . . .     Faith    .     r - +1 buckler {reflect}
rPois  +         Spirit   .     f - +3 crown of Dyrovepreva {rElec Int+2 SInv}
rElec  +         Dismiss  .     j - +1 cloak
rCorr  +         Reflect  +     (gloves unavailable)
MR     ++...     Harm     .     (boots unavailable)
Stlth  ++++++++++ Rnd*Rage +    H - amulet "Giafer" {*Slow +Rage rElec Str+8} NoTele +
                                s - ring "Tuddaiky" {*Drain +Inv rC+ Int+3 Dex+9}
                                x - ring of protection from cold

@: flying, wreathed by umbra, very quick
A: unfitting armour, see invisible, berserk 1, deterioration 1, herbivore 3,
speed 3, robust 1, slow metabolism 2, subdued magic 1
a: Shadow Step, Shadow Form, Renounce Religion, Evoke Berserk Rage, Evoke
Invisibility


You were in the Dungeon.
You worshipped Dithmenos.
Dithmenos was exalted by your worship.
You were full.

You visited 1 branch You collected 5931 gold pieces.
You spent 5807 gold pieces at shops.

Inventory:

Hand Weapons
 a - a +8 quick blade
 b - a +0 blowgun (weapon)
Missiles
 o - 8 needles of sleeping (quivered)
 p - 7 curare-tipped needles
Armour
 f - the +3 crown of Dyrovepreva (worn) {rElec Int+2 SInv}
   (You bought it in a shop in the Dungeon)

   It affects your intelligence (+2).
   It insulates you from electricity.
   It lets you see invisible.
 j - a +1 cloak (worn)
 q - the +5 swamp dragon armour "Owoogg" (worn) {rPois rCorr MP+9 Int+2 Stlth+}
   (You bought it in a shop in the Dungeon)

   It affects your intelligence (+2).
   It protects you from poison.
   It affects your magic capacity (+9).
   It protects you from acid and corrosion.
   It makes you more stealthy.
 r - a +1 buckler of reflection (worn)
 v - the +0 robe "Giequvo" {rF+ rCorr}
   (You bought it in a shop in the Dungeon)

   It protects you from fire.
   It protects you from acid and corrosion.
Jewellery
 d - the ring of Dalodduv {*Drain rF+ MR+ Str+3 Dex+2}
   (You bought it in a shop in the Dungeon)

   [ring of protection from fire]

   It affects your strength (+3).
   It affects your dexterity (+2).
   It protects you from fire.
   It affects your resistance to hostile enchantments.
   It causes draining when unequipped.
 s - the ring "Tuddaiky" (right hand) {*Drain +Inv rC+ Int+3 Dex+9}
   (You bought it in a shop in the Dungeon)

   [ring of intelligence]

   It affects your intelligence (+3).
   It affects your dexterity (+9).
   It protects you from cold.
   It lets you turn invisible.
   It causes draining when unequipped.
 x - a ring of protection from cold (left hand)
 B - the ring of Contentment {rN+ MR- Str+3 Int+3 Dex+3}
   (You found it in the Dungeon)

   [ring of strength]

   It affects your strength (+3).
   It affects your intelligence (+3).
   It affects your dexterity (+3).
   It protects you from negative energy.
   It affects your resistance to hostile enchantments.
 C - a +3 ring of protection
 E - the ring of Shaolin {EV+8}
   (You found it in the Dungeon)

   [ring of evasion]

   It affects your evasion (+8).
 H - the amulet "Giafer" (around neck) {*Slow +Rage rElec Str+8}
   (You bought it in a shop in the Dungeon)

   [amulet of rage]

   It affects your strength (+8).
   It insulates you from electricity.
   It lets you go berserk.
   It may slow you when you take damage.
Wands
 i - a wand of digging (14/24)
Scrolls
 h - a scroll of amnesia
 J - a scroll of magic mapping
 K - 2 scrolls of blinking
Potions
 e - 4 potions of curing
 k - a potion of mutation
 l - a potion of invisibility
 m - 3 potions of haste
 t - a potion of heal wounds
 w - a potion of resistance
 D - a potion of might
 L - a potion of agility
 M - 2 potions of magic
Books
 c - a book of Maledictions

   Spells                             Type                      Level
   a - Corona                         Hexes                        1
   b - Ensorcelled Hibernation        Hexes/Ice                    2
   c - Confuse                        Hexes                        3
   d - Tukima's Dance                 Hexes                        3
   e - Dazzling Spray                 Conjuration/Hexes            3
 g - a book of Geomancy

   Spells                             Type                      Level
   a - Sandblast                      Earth                        1
   b - Passwall                       Transmutation/Earth          2
   c - Stone Arrow                    Conjuration/Earth            3
   d - Petrify                        Transmutation/Earth          4
   e - Lee's Rapid Deconstruction     Earth                        5
 A - a book of Party Tricks

   Spells                             Type                      Level
   a - Summon Butterflies             Summoning                    1
   b - Apportation                    Translocation                1
   c - Lesser Beckoning               Translocation                3
   d - Tukima's Dance                 Hexes                        3
   e - Alistair's Intoxication        Transmutation/Poison         5
   f - Invisibility                   Hexes                        6
 G - the Compendium of Moulding and Heat
   (You found it in the Dungeon)

   Spells                             Type                      Level
   a - Beastly Appendage              Transmutation                1
   b - Sticks to Snakes               Transmutation                2
   c - Sticky Flame                   Conjuration/Fire             4
   d - Bolt of Fire                   Conjuration/Fire             6
   e - Dragon Form                    Transmutation                7
Comestibles
 n - 2 bread rations
 z - 3 fruits


   Skills:
 - Level 3.2 Fighting
 + Level 8.5 Short Blades
 - Level 1.7 Armour
 + Level 14.1 Dodging
 O Level 27 Stealth
 - Level 1.8 Shields
 + Level 19.7 Spellcasting
 + Level 8.4 Conjurations
 + Level 20.2 Hexes
 - Level 2.4 Ice Magic
 + Level 4.4 Invocations


You had 39 spell levels left.
You knew the following spells:

 Your Spells              Type           Power        Failure   Level  Hunger
a - Corona                Hex            #######      0%          1    None
b - Ensorcelled Hibernat  Hex/Ice        ######       1%          2    None
c - Confuse               Hex            #######.     0%          3    None
d - Tukima's Dance        Hex            #######.     0%          3    None
e - Dazzling Spray        Conj/Hex       ######       1%          3    None


Dungeon Overview and Level Annotations

Branches:
Dungeon (1/1)

Altars:
Cheibriados
Dithmenos
Elyvilon
Fedhas
Gozag
Hepliaklqana
Kikubaaqudgha
Makhleb
Nemelex Xobeh
Okawaru
Qazlal
Ru
Sif Muna
Trog
Uskayaw
Vehumet
Xom
Yredelemnul
Zin
The Shining One
Jiyva
Lugonu

Shops:
D :%=}%!}}==[=?[?*!:=[%*

Annotations:
D Lom Lobon, Tiamat


Innate Abilities, Weirdness & Mutations

You are very small and have problems with some larger weapons.
You are too small for most types of armour.
You have supernaturally acute eyesight. (SInv)
You are a herbivore.
You cover ground extremely quickly.
You need consume almost no food.
You tend to lose your temper in combat.
Your body sometimes deteriorates upon taking damage.
You are robust. (+10% HP)
Your spells are a little easier to cast, but a little less powerful.


Message History

Moving in this stuff is going to be slow.
Lom Lobon screams, "Embrace thy fall, thou mammering rump-fed clack-dish!"
Lom Lobon gestures.
A great vortex of raging winds appears around Lom Lobon!
You feel yourself speed up.
The vortex of raging winds lifts you up.
You fly up into the air.
Unknown command.
You are engulfed in raging winds.
Really fly into that cloud of raging winds?
Okay, then.
There is an open door here.
Unknown command.
The winds around Lom Lobon start to calm down.
You feel more buoyant. Lom Lobon gestures at you.
Lom Lobon conjures a mighty blast of ice!
The great icy blast engulfs you! You partially resist.
Ouch! That really hurt!
You die...

....#.###..#....§§......#.#
..§.#.#.§..##..........##.#
.####'#.##§##..........#..#
##..).#§#§§≈##...)....##..#
...####§#§§§§##...(..##.§§#
.### §§#§§§&§########§§.§#
## .####§§§§#≈≈≈≈≈#..§§.#
..#..#§§§§§§≈.≈≈'..§..# §§
#...##§§#§@≈≈≈#≈§≈§§# §§.
#....######'#####≈≈≈# §§§
#....#≈≈≈≈≈≈≈≈≈≈##≈≈#
#######≈≈≈≈≈≈≈≈≈≈≈≈≈#
+)[#..+..)≈≈≈≈≈≈≈#≈≈#
#))'.)#........≈≈≈#≈#
#####################


You could see Lom Lobon.

Vanquished Creatures
  the Lernaean hydra (D)
  A golden dragon (D)
  A deep elf master archer (D)
  A shadow dragon (D)
  4 fire giants (D)
  A lorocyproca (D)
  A deep elf annihilator (D)
  A mummy priest (D)
  A hydra (D)
  2 centaur warriors (D)
  Sonja (D)
  7 unseen horrors (D)
  A deep troll (D)
  A lindwurm (D)
  2 oklob plants (D)
  8 shining eyes (D)
  A siren (D)
  A gargoyle (D)
  2 kobold demonologists (D)
  4 demonic crawlers (D)
  A hellwing (D)
  4 hornets (D)
  A slime creature (D)
  Sigmund (D)
  2 redbacks (D)
  13 hogs (D)
  A yak (D)
  7 floating eyes (D)
  7 necrophages (D)
  An ogre (D)
  8 jellies (D)
  Ijyb (D)
  4 ballistomycetes (D)
  A ballistomycete spore (D)
94 creatures vanquished.

Vanquished Creatures (others)
  A siren (D)
  A gargoyle (D)
  A hornet (D)
  5 ball lightnings (D)
  A ballistomycete spore (D)
9 creatures vanquished.

Grand Total: 103 creatures vanquished

Notes
Turn   | Place    | Note
-------+----------+-------------------------------------------
     0 | D        | poirepourri the Spriggan Enchanter began the quest for the Orb.
     0 | D        | Reached XP level 1. HP: 9/9 MP: 5/5
     2 | D        | Noticed Ijyb
    12 | D        | Killed Ijyb
    12 | D        | Reached skill level 6 in Stealth
    12 | D        | Reached skill level 5 in Hexes
    12 | D        | Reached XP level 2. HP: 13/13 MP: 4/7
    36 | D        | Learned a level 2 spell: Ensorcelled Hibernation
    36 | D        | Noticed an ogre
    42 | D        | Killed an ogre
    42 | D        | Reached skill level 5 in Dodging
    42 | D        | Reached skill level 9 in Stealth
    42 | D        | Reached skill level 5 in Spellcasting
    42 | D        | Reached XP level 3. HP: 16/16 MP: 5/10
    42 | D        | Reached XP level 4. HP: 21/21 MP: 6/12
    68 | D        | Learned a level 3 spell: Confuse
    72 | D        | Learned a level 3 spell: Tukima's Dance
    76 | D        | Learned a level 3 spell: Dazzling Spray
    76 | D        | Noticed Sigmund
    79 | D        | Killed Sigmund
    79 | D        | Reached skill level 12 in Stealth
    79 | D        | Reached XP level 5. HP: 24/24 MP: 11/15
    79 | D        | Reached XP level 6. HP: 28/28 MP: 11/16
    94 | D        | Found a deep blue altar of Sif Muna.
    96 | D        | Found a radiant altar of Vehumet.
   118 | D        | Found Car Goal's Gadget Emporium.
   118 | D        | Found an ancient bone altar of Kikubaaqudgha.
   118 | D        | Found a hazy altar of Hepliaklqana.
   118 | D        | Found a stormy altar of Qazlal.
   118 | D        | Found a hide-covered altar of Uskayaw.
   118 | D        | Found a blossoming altar of Fedhas.
   118 | D        | Found a bloodstained altar of Trog.
   118 | D        | Found an iron altar of Okawaru.
   118 | D        | Found a basalt altar of Yredelemnul.
   118 | D        | Found a glowing golden altar of the Shining One.
   118 | D        | Found a snail-covered altar of Cheibriados.
   118 | D        | Found a sacrificial altar of Ru.
   118 | D        | Found a glowing silver altar of Zin.
   118 | D        | Found a shadowy altar of Dithmenos.
   118 | D        | Found a white marble altar of Elyvilon.
   118 | D        | Noticed a yak
   119 | D        | Found an opulent altar of Gozag.
   120 | D        | Killed a yak
   120 | D        | Reached skill level 13 in Stealth
   120 | D        | Reached skill level 10 in Hexes
   121 | D        | Found a sparkling altar of Nemelex Xobeh.
   129 | D        | Became a worshipper of Dithmenos the Shadowed
   151 | D        | Noticed Sonja
   155 | D        | Killed Sonja
   155 | D        | Reached skill level 16 in Stealth
   155 | D        | Reached XP level 7. HP: 32/32 MP: 17/20
   177 | D        | Noticed a deep troll
   181 | D        | Killed a deep troll
   181 | D        | Reached skill level 17 in Stealth
   181 | D        | Reached XP level 8. HP: 36/36 MP: 20/22
   197 | D        | Found Heruesm's Armour Emporium.
   216 | D        | Noticed a centaur warrior
   216 | D        | Noticed a centaur warrior
   230 | D        | Killed a centaur warrior
   230 | D        | Reached * piety under Dithmenos
   230 | D        | Reached skill level 18 in Stealth
   230 | D        | Reached skill level 10 in Spellcasting
   230 | D        | Reached XP level 9. HP: 24/39 MP: 13/24
   230 | D        | HP: 1/39 [centaur warrior/arrow (23)]
   233 | D        | Killed a centaur warrior
   233 | D        | Reached skill level 10 in Dodging
   233 | D        | Reached skill level 19 in Stealth
   233 | D        | Reached skill level 1 in Ice Magic
   469 | D        | Found Quxaunoph's Book Boutique.
   558 | D        | Found a burning altar of Makhleb.
   558 | D        | Found a viscous altar of Jiyva.
   558 | D        | Found a shimmering altar of Xom.
   558 | D        | Found a corrupted altar of Lugonu.
   561 | D        | Reached skill level 20 in Stealth
   623 | D        | Bought the +3 crown of Dyrovepreva {rElec Int+2 SInv} for 538 gold pieces
   655 | D        | Killed a gargoyle
   741 | D        | Reached ** piety under Dithmenos
   764 | D        | Noticed an oklob plant
   766 | D        | Killed an oklob plant
   778 | D        | Reached *** piety under Dithmenos
   778 | D        | Reached skill level 21 in Stealth
   778 | D        | Reached XP level 10. HP: 44/44 MP: 26/26
   831 | D        | Reached skill level 15 in Hexes
   875 | D        | Bought a +1 buckler of reflection for 175 gold pieces
   924 | D        | Noticed an unseen horror
   924 | D        | Noticed an unseen horror
   929 | D        | Killed an unseen horror
   929 | D        | Reached **** piety under Dithmenos
   929 | D        | Reached skill level 22 in Stealth
   931 | D        | Killed an unseen horror
   942 | D        | Reached ***** piety under Dithmenos
   946 | D        | Reached skill level 5 in Short Blades
   957 | D        | Reached skill level 1 in Fighting
   958 | D        | Reached skill level 1 in Conjurations
  1057 | D        | Reached skill level 23 in Stealth
  1105 | D        | Reached ****** piety under Dithmenos
  1294 | D        | Found Dyshroptu's Gadget Shoppe.
  1294 | D        | Found Nept's Gadget Shop.
  1294 | D        | Found Hekhlaf's Jewellery Boutique.
  1296 | D        | Found Dankeipp's Jewellery Emporium.
  1296 | D        | Found Osim's Armour Shop.
  1296 | D        | Found Fuvofu's Jewellery Shoppe.
  1296 | D        | Found Napnueq's Magic Scroll Boutique.
  1296 | D        | Found Unewas's Armour Emporium.
  1296 | D        | Found Biteomn's Magic Scroll Shop.
  1296 | D        | Found Ugunirei's Assorted Antiques.
  1300 | D        | Found Xas Hiku's Distillery.
  1301 | D        | Bought an uncursed ring of poison resistance for 260 gold pieces
  1301 | D        | Found Xiwi's Jewellery Emporium.
  1301 | D        | Found Puebyp's Book Boutique.
  1302 | D        | Found Ugalat's Food Emporium.
  1305 | D        | Bought the cursed +0 robe "Giequvo" {rF+ rCorr} for 190 gold pieces
  1307 | D        | Bought a glowing hat for 84 gold pieces
  1309 | D        | Bought an uncursed ring of protection from cold for 275 gold pieces
  1729 | D        | Noticed a gargoyle
  1732 | D        | Killed a gargoyle
  1732 | D        | Reached XP level 11. HP: 49/49 MP: 25/29
  1763 | D        | Noticed a lorocyproca
  1765 | D        | Killed a lorocyproca
  2231 | D        | Noticed a lindwurm
  2236 | D        | Killed a lindwurm
  2258 | D        | Reached skill level 5 in Conjurations
  2491 | D        | Reached skill level 24 in Stealth
  2543 | D        | Noticed a 12-headed hydra
  2545 | D        | Killed a 12-headed hydra
  2545 | D        | Reached skill level 15 in Spellcasting
  2643 | D        | Noticed a daeva
  2647 | D        | Noticed an unseen horror
  2647 | D        | Noticed an unseen horror
  2647 | D        | Noticed an unseen horror
  2647 | D        | Noticed an unseen horror
  2649 | D        | Killed an unseen horror
  2653 | D        | Killed an unseen horror
  2655 | D        | Killed an unseen horror
  2657 | D        | Noticed an unseen horror
  2658 | D        | Killed an unseen horror
  2660 | D        | Killed an unseen horror
  3210 | D        | Bought the +5 swamp dragon armour "Owoogg" {rPois rCorr MP+9 Int+2 Stlth+} for 846 gold pieces
  3217 | D        | Bought a scroll of identify for 42 gold pieces
  3224 | D        | Bought 2 potions of heal wounds for 130 gold pieces
  3224 | D        | Bought a potion of resistance for 130 gold pieces
  3242 | D        | Bought the ring of Dalodduv {*Drain rF+ MR+ Str+3 Dex+2} for 467 gold pieces
  3242 | D        | Bought the ring "Tuddaiky" {*Drain +Inv rC+ Int+3 Dex+9} for 550 gold pieces
  3437 | D        | Noticed a shining eye
  3437 | D        | Noticed a shining eye
  3437 | D        | Noticed a shining eye
  3438 | D        | Noticed a shining eye
  3438 | D        | Noticed a shining eye
  3438 | D        | Noticed a shining eye
  3438 | D        | Noticed a shining eye
  3438 | D        | Noticed a shining eye
  3440 | D        | Gained mutation: Your spells are a little easier to cast, but a little less powerful. [a shining eye]
  3445 | D        | Gained mutation: You are robust. (+10% HP) [a shining eye]
  3447 | D        | Paralysed by a floating eye for 3 turns
  3452 | D        | Reached skill level 25 in Stealth
  3456 | D        | Killed a shining eye
  3462 | D        | Killed a shining eye
  3470 | D        | Gained mutation: You tend to lose your temper in combat. [a shining eye]
  3484 | D        | Killed a shining eye
  3484 | D        | Reached XP level 12. HP: 59/59 MP: 1/33
  3640 | D        | Gained mutation: Your body sometimes deteriorates upon taking damage. [a shining eye]
  3648 | D        | Reached skill level 1 in Invocations
  3762 | D        | Found Ciosuoz's Food Shoppe.
  3762 | D        | Found Ysihut's Distillery.
  3762 | D        | Found Beaddentar's Jewellery Emporium.
  3763 | D        | Found Zoine's Food Shop.
  3791 | D        | Bought a potion of heal wounds for 60 gold pieces
  3962 | D        | Noticed a fire giant
  3963 | D        | Noticed a fire giant
  3963 | D        | Noticed a fire giant
  3963 | D        | Noticed a fire giant
  3964 | D        | Killed a fire giant
  3964 | D        | Reached skill level 26 in Stealth
  3978 | D        | HP: 1/59 [fire giant/fireball (32)]
  4221 | D        | Killed a fire giant
  4449 | D        | Killed a fire giant
  4449 | D        | Reached skill level 1 in Armour
  4485 | D        | Noticed Tiamat
  4504 | D        | Identified a scroll of acquirement
  4730 | D        | Bought a scroll of identify for 20 gold pieces
  4731 | D        | Bought a scroll of identify for 20 gold pieces
  4758 | D        | Bought a puce potion for 18 gold pieces
  4869 | D        | Noticed a deep elf annihilator
  4888 | D        | Reached skill level 27 in Stealth
  5051 | D        | Killed a deep elf annihilator
  5051 | D        | Reached skill level 1 in Shields
  5271 | D        | Noticed a mummy priest
  5276 | D        | Killed a mummy priest
  5276 | D        | Noticed a reaper
  5566 | D        | Noticed Lom Lobon
  5809 | D        | Noticed a shadow dragon
  5812 | D        | Noticed a golden dragon
  5813 | D        | Killed a shadow dragon
  5815 | D        | Killed a golden dragon
  5815 | D        | Reached XP level 13. HP: 64/64 MP: 30/36
  5830 | D        | Killed a fire giant
  5984 | D        | Found Geskeusen's General Store.
  6046 | D        | Noticed the 27-headed Lernaean hydra
  6048 | D        | Killed the 27-headed Lernaean hydra
  6164 | D        | Got a scorched copper ring
  6293 | D        | Noticed a deep elf master archer
  6295 | D        | Killed a deep elf master archer
  6334 | D        | Identified the Compendium of Moulding and Heat
  6500 | D        | Bought a bread ration for 50 gold pieces
  6500 | D        | Bought 3 fruits for 45 gold pieces
  6525 | D        | Bought a potion of haste for 120 gold pieces
  6525 | D        | Bought a potion of haste for 120 gold pieces
  6525 | D        | Bought a potion of flight for 36 gold pieces
  6527 | D        | Bought a bread ration for 60 gold pieces
  6581 | D        | Bought the amulet "Giafer" {*Slow +Rage rElec Str+8} for 847 gold pieces
  6584 | D        | Bought a scroll of identify for 20 gold pieces
  6584 | D        | Bought a scroll of identify for 20 gold pieces
  6584 | D        | Bought a scroll of identify for 20 gold pieces
  6584 | D        | Bought a scroll of magic mapping for 35 gold pieces
  6586 | D        | Bought a scroll of blinking for 82 gold pieces
  6587 | D        | Bought a scroll of blinking for 157 gold pieces
  6588 | D        | Bought a potion of haste for 130 gold pieces
  6588 | D        | Bought a potion of agility for 52 gold pieces
  6590 | D        | Bought a potion of magic for 104 gold pieces
  6590 | D        | Bought a potion of magic for 104 gold pieces
  6600 | D        | Identified the ring of Contentment {rN+ MR- Str+3 Int+3 Dex+3} (You found it in the Dungeon)
  6960 | D        | Killed from afar by Lom Lobon

Vault maps used:
D:        dungeon_sprint_1

Skill      XL: |  1  2  3  4  5  6  7  8  9 10 11 12 13 |
---------------+----------------------------------------+-----
Dodging        | 4 5 6 8 9 10 11 12 13 14 | 14.1
Stealth        | 6 9 12 16 17 18 21 23 25 27 | 27.0
Spellcasting   | 3 5 6 9 10 11 13 16 18 19 | 19.7
Hexes          | 5 7 9 12 13 14 15 17 19 20 | 20.2
Short Blades   | 2 3 4 5 6 8 |  8.5
Ice Magic      | 2 |  2.4
Fighting       | 1 2 3 |  3.2
Conjurations   | 3 5 7 8 |  8.4
Invocations    | 3 4 |  4.4
Armour         | 1 |  1.7
Shields        | 1 |  1.8

Action                   |  1- 3 |  4- 6 |  7- 9 | 10-12 | 13-15 || total
-------------------------+-------+-------+-------+-------+-------++-------
Melee: Dagger            |     9 |     4 |    52 |    76 |       ||   141
       Quick blade       |       |       |       |    27 |     3 ||    30
 Fire: Blowgun           |       |       |       |       |     1 ||     1
 Cast: Corona            |     1 |       |       |       |       ||     1
       Ensorcelled Hiber |       |       |     7 |    33 |     3 ||    43
       Dazzling Spray    |       |       |     1 |    99 |       ||   100
Invok: Shadow Step       |       |       |       |     8 |     2 ||    10
  Use: Potion            |     1 |       |     1 |     3 |     4 ||     9
       Scroll            |       |       |       |    10 |     4 ||    14
 Stab: Sleeping          |     2 |     4 |     8 |    42 |     3 ||    59
       Invisible         |       |       |       |     4 |       ||     4
  Eat: Bread ration      |       |       |       |     1 |       ||     1
       Royal jelly       |       |       |       |     1 |       ||     1
       Pizza             |       |       |       |       |     1 ||     1
Armor: Robe              |     1 |       |       |     2 |       ||     3
       Swamp dragon armo |       |       |       |     2 |       ||     2
Dodge: Dodged            |     7 |       |    10 |    83 |     1 ||   101
Block: Buckler           |       |       |       |    21 |       ||    21
